[Event "January 9 Early 2024"]
[Site "https://www.chess.com"]
[Date "2024.01.11"]
[Round "2"]
[White "Suyarov, Mukhammadzokhid"]
[Black "Begunov, Konstantin"]
[Result "1-0"]
[Board "254"]
[TimeControl "180+1"]
[WhiteFideId "14210495"]
[BlackFideId "4118510"]
[WhiteElo "2764"]
[BlackElo "2461"]
[WhiteTeam "UZB"]
[BlackTeam "RUS"]
[WhiteClock "0:00:43"]
[BlackClock "0:00:11"]

1. e4 c5 2. Nf3 d6 3. Bb5+ Bd7 4. Bxd7+ Qxd7 5. O-O Nf6 6. Re1 Nc6 7. c3 e6 8. d4 cxd4 9. cxd4 d5 10. e5 Ne4 11. Nbd2 Nxd2 12. Bxd2 Bb4 13. Rc1 Bxd2 14. Qxd2 O-O 15. h4 f5 16. exf6 Rxf6 17. Ne5 Nxe5 18. Rxe5 Raf8 19. f3 Rf4 20. h5 Qa4 21. Rd1 R4f5 22. b3 Qd7 23. Rde1 Rxe5 24. Rxe5 h6 25. Qe3 Rf6 26. Qe1 Qf7 27. a4 a6 28. Qb4 Kh7 29. Qd6 Rf4 30. Qxe6 Qxe6 31. Rxe6 Rxd4 32. Rb6 Rd2 33. Rxb7 Rb2 34. Rb4 Rd2 35. Rb6 Rb2 36. Rd6 Rxb3 37. Rxd5 Rb4 38. Ra5 Rb6 39. Kh2 g6 40. hxg6+ Kxg6 41. g4 Kf6 42. Kg3 Rc6 43. f4 Rb6 44. Kh4 Kg6 45. f5+ Kg7 46. Rc5 Rb4 47. Rc7+ Kg8 48. a5 Ra4 49. Rc6 Rxa5 50. Rxh6 Ra1 51. Rb6 a5 52. Ra6 a4 53. Kh5 a3 54. Kg6 Kf8 55. g5 a2 56. f6 Ke8 57. f7+ Ke7 58. Ra7+ 1-0

[Event "January 9 Early 2024"]
[Site "https://www.chess.com"]
[Date "2024.01.11"]
[Round "2"]
[White "Koshulyan, Egor A."]
[Black "So, Wesley"]
[Result "0-1"]
[Board "255"]
[TimeControl "180+1"]
[WhiteFideId "24237000"]
[BlackFideId "5202213"]
[WhiteElo "2669"]
[BlackElo "3055"]
[WhiteTeam "RUS"]
[BlackTeam "USA"]
[WhiteClock "0:00:02"]
[BlackClock "0:00:04"]

1. e4 c5 2. Nf3 d6 3. d4 cxd4 4. Qxd4 Nf6 5. Nc3 Nc6 6. Bb5 Bd7 7. Bxc6 Bxc6 8. Bg5 e6 9. O-O-O Be7 10. Qd3 Qa5 11. Kb1 O-O 12. h4 h6 13. Bc1 Qa6 14. Qxa6 bxa6 15. e5 dxe5 16. Nxe5 Bxg2 17. Rhg1 Bh3 18. Bxh6 Nh5 19. Ne4 Kh7 20. Be3 f6 21. Nf3 Bf5 22. Ng3 Bg4 23. Nxh5 Bxh5 24. Rg3 Rfd8 25. Rdg1 g6 26. Nd4 Bd6 27. Nxe6 Bxg3 28. Nxd8 Bxh4 29. Nc6 f5 30. f4 Rc8 31. Ne5 Rc7 32. c4 Bf6 33. b3 a5 34. Bd4 a4 35. Kb2 a5 36. Re1 Bh4 37. Rg1 Bf6 38. Re1 Bh4 39. Rg1 Kh6 40. Kc3 Bf6 41. c5 Bxe5 42. Bxe5 Rxc5+ 43. Kb2 Bf3 44. Bf6 Rd5 45. Rc1 Be4 46. bxa4 Rd2+ 47. Ka3 Bd5 48. Bb2 Kh5 49. Rf1 Rd3+ 0-1

[Event "January 9 Early 2024"]
[Site "https://www.chess.com"]
[Date "2024.01.11"]
[Round "2"]
[White "Gruzman, Ilya"]
[Black "Perez Gormaz, Matias"]
[Result "1-0"]
[Board "256"]
[TimeControl "180+1"]
[WhiteFideId "2812703"]
[BlackFideId "3406342"]
[WhiteElo "2412"]
[BlackElo "2673"]
[WhiteTeam "ISR"]
[BlackTeam "CHI"]
[WhiteClock "0:00:18"]
[BlackClock "0:00:01"]

1. d4 d5 2. c4 e6 3. Nf3 a6 4. cxd5 exd5 5. Nc3 c6 6. Bg5 Be7 7. Bxe7 Qxe7 8. e3 Bf5 9. Bd3 Bxd3 10. Qxd3 Nd7 11. O-O Ngf6 12. Rfe1 Ne4 13. Nd2 f5 14. f3 Nxd2 15. Qxd2 O-O 16. Rad1 Rae8 17. e4 fxe4 18. fxe4 dxe4 19. Rxe4 Qd6 20. Rxe8 Rxe8 21. d5 c5 22. a4 Nf6 23. Re1 Rd8 24. h3 h6 25. Ne4 Nxe4 26. Rxe4 b5 27. axb5 axb5 28. Qd3 c4 29. Qd4 Kh7 30. Re5 Qg6 31. Kh2 Rd7 32. Qf4 Rf7 33. Qd4 Qd6 34. Qe4+ Kg8 35. Kg1 Rf8 36. Re6 Qc5+ 37. Kh2 Rd8 38. Re8+ Rxe8 39. Qxe8+ Kh7 40. Qe6 Qf2 41. Qe4+ Kg8 42. d6 Qf6 43. Qd5+ Kh7 44. d7 Qf4+ 45. Kg1 Qc1+ 46. Kf2 Qxb2+ 47. Ke3 Qc3+ 48. Ke4 Qc2+ 49. Kd4 Qf2+ 50. Ke5 Qe3+ 51. Kd6 Qf4+ 52. Kc6 Qf6+ 53. Qd6 1-0

[Event "January 9 Early 2024"]
[Site "https://www.chess.com"]
[Date "2024.01.11"]
[Round "2"]
[White "Goncalves, Samuel Jesus P"]
[Black "Murthy, Pappu"]
[Result "1-0"]
[Board "257"]
[TimeControl "180+1"]
[WhiteFideId "1945130"]
[BlackFideId "2013401"]
[WhiteElo "2428"]
[BlackElo "1892"]
[WhiteTeam "POR"]
[BlackTeam "USA"]
[WhiteClock "0:00:25"]
[BlackClock "0:00:02"]

1. Nf3 Nf6 2. g3 d5 3. Bg2 e6 4. O-O Be7 5. c4 O-O 6. b3 c6 7. Bb2 b6 8. d4 Bb7 9. Nc3 Nbd7 10. Qd3 a6 11. e4 dxe4 12. Nxe4 Rc8 13. Rad1 c5 14. Nfg5 Nxe4 15. Nxe4 Bxe4 16. Qxe4 Nf6 17. Qb7 cxd4 18. Bxd4 Rb8 19. Qxa6 Qc7 20. Rfe1 Rfd8 21. Rd3 Bc5 22. Be5 Qc8 23. Rxd8+ Qxd8 24. Bxb8 Qxb8 25. Qa8 Qxa8 26. Bxa8 Kf8 27. Rd1 Ke7 28. Kg2 h6 29. h4 Ne8 30. Bf3 Nd6 31. g4 g5 32. hxg5 hxg5 33. Rh1 Ne8 34. Rh5 Bd6 35. Rxg5 Nf6 36. Rb5 Bc5 37. b4 Bd4 38. a4 Kd6 39. a5 Kc7 40. a6 Kb8 41. c5 Ka7 42. c6 Ne8 43. Be2 Nc7 44. Rh5 f6 45. Rh7 Be5 46. b5 Bd6 47. Kf3 Kb8 48. Rd7 Be5 49. Ke4 Kc8 50. f4 Bc3 51. a7 Na8 52. g5 fxg5 53. fxg5 e5 54. Rb7 Nc7 55. Rxc7+ Kxc7 56. a8=Q Bd4 57. Qb7+ Kd6 58. g6 Kc5 59. g7 Bc3 60. g8=Q Bb4 61. Qc4+ Kd6 62. Qd7# 1-0

[Event "January 9 Early 2024"]
[Site "https://www.chess.com"]
[Date "2024.01.11"]
[Round "2"]
[White "Vlassov, Nikolai"]
[Black "Aravindh, Chithambaram VR."]
[Result "1-0"]
[Board "258"]
[TimeControl "180+1"]
[WhiteFideId "4103360"]
[BlackFideId "5072786"]
[WhiteElo "2631"]
[BlackElo "2920"]
[WhiteTeam "FID"]
[BlackTeam "IND"]
[WhiteClock "0:00:16"]
[BlackClock "0:00:01"]

1. e4 Nf6 2. e5 Nd5 3. d4 d6 4. c4 Nb6 5. f4 g6 6. Nf3 Bg7 7. Nc3 O-O 8. Be2 dxe5 9. fxe5 Nc6 10. Be3 Bg4 11. O-O f6 12. e6 f5 13. d5 Bxf3 14. gxf3 Ne5 15. Bxb6 cxb6 16. f4 Ng4 17. Bxg4 fxg4 18. Qxg4 Bxc3 19. bxc3 Rf5 20. Rae1 Qd6 21. Re5 Raf8 22. Rxf5 Rxf5 23. Kg2 b5 24. Qe2 bxc4 25. Qxc4 Qxd5+ 26. Qxd5 Rxd5 27. Kf3 Kg7 28. Ke4 Rf5 29. Rd1 Kf6 30. Rd7 Rb5 31. c4 Rb2 32. Kd5 a5 33. a4 Rb4 34. h4 Rb1 35. Rc7 h6 36. Rd7 Rb2 37. Rc7 Rb3 38. Rd7 b6 39. Rb7 Rb4 40. Rb8 Rb1 41. Rf8+ Kg7 42. Rf7+ Kg8 43. Rxe7 Kf8 44. Rf7+ Ke8 45. Rh7 Rd1+ 46. Ke5 Rf1 47. Rxh6 Ke7 48. Rh7+ Ke8 49. Rg7 Rf2 50. Rxg6 1-0

[Event "January 9 Early 2024"]
[Site "https://www.chess.com"]
[Date "2024.01.11"]
[Round "2"]
[White "Cori T., Deysi"]
[Black "Ter-Sahakyan, Samvel"]
[Result "0-1"]
[Board "259"]
[TimeControl "180+1"]
[WhiteFideId "3801934"]
[BlackFideId "13302531"]
[WhiteElo "2597"]
[BlackElo "2909"]
[WhiteTeam "PER"]
[BlackTeam "ARM"]
[WhiteClock "0:00:01"]
[BlackClock "0:00:14"]

1. Nf3 d5 2. d4 c5 3. e3 Nf6 4. Nbd2 cxd4 5. exd4 Qc7 6. c3 Bg4 7. h3 Bh5 8. Qa4+ Nc6 9. Ne5 Nd7 10. Ndf3 Bxf3 11. Nxf3 e6 12. Bd3 Bd6 13. O-O Bf4 14. Qd1 O-O 15. Re1 Rae8 16. Bc2 Bxc1 17. Rxc1 g6 18. Qd2 Kg7 19. h4 Nf6 20. Ne5 h5 21. Qg5 Nxe5 22. dxe5 Ng4 23. Bd1 Qe7 24. Bxg4 Qxg5 25. hxg5 hxg4 26. Rcd1 Rc8 27. Rd4 Rc4 28. Rxc4 dxc4 29. Re3 Rc8 30. Re4 Rc5 31. a4 g3 32. fxg3 b5 33. axb5 Rxb5 34. Rxc4 Rxb2 35. Ra4 Re2 36. Rxa7 Rxe5 37. c4 Rc5 38. Ra4 Rxg5 39. Kf2 Kf6 40. Ke3 Rxg3+ 41. Kf2 Rc3 42. Ke2 Ke5 43. Ra5+ Kd6 44. Ra7 f5 45. Rg7 Rg3 46. Kf2 Rg4 47. Rg8 e5 48. Rd8+ Ke7 49. Rd5 Ke6 50. Rd8 Rxc4 51. Rg8 Kf6 0-1

[Event "January 9 Early 2024"]
[Site "https://www.chess.com"]
[Date "2024.01.11"]
[Round "2"]
[White "Kravtsiv, Martyn"]
[Black "Laddha, Shubh Jayesh"]
[Result "1/2-1/2"]
[Board "260"]
[TimeControl "180+1"]
[WhiteFideId "14113147"]
[BlackFideId "30942799"]
[WhiteElo "2847"]
[BlackElo "2569"]
[WhiteTeam "UKR"]
[BlackTeam "USA"]
[WhiteClock "0:00:13"]
[BlackClock "0:00:05"]

1. e4 c5 2. Nf3 d6 3. Bb5+ Nd7 4. d4 cxd4 5. Qxd4 a6 6. Bxd7+ Bxd7 7. O-O Nf6 8. Nc3 g6 9. Bg5 Bg7 10. Nd5 O-O 11. Bxf6 exf6 12. Qb4 Bc6 13. Rad1 Re8 14. h3 Rc8 15. Rfe1 a5 16. Qb3 a4 17. Qd3 Qa5 18. c3 f5 19. exf5 Rxe1+ 20. Nxe1 Qxd5 21. Qxd5 Bxd5 22. Rxd5 a3 23. bxa3 Rxc3 24. fxg6 Rc1 25. gxh7+ Kxh7 26. Rb5 Rxe1+ 27. Kh2 Be5+ 28. g3 Re2 29. Kg2 Rb2 30. Rxb2 Bxb2 31. a4 Kg6 32. Kf3 Bf6 33. Ke4 Be7 34. f4 Kf6 35. g4 Ke6 36. f5+ Kd7 37. Kf4 f6 38. h4 d5 39. g5 fxg5+ 40. hxg5 d4 41. f6 Bc5 42. g6 Ke6 43. g7 Kf7 44. Ke4 Ba7 45. a5 Bc5 46. Kd3 Ba7 47. Kc4 Kg8 48. Kd3 Bc5 49. Kc4 Ba7 50. a4 Kf7 51. Kd3 Kg8 52. Kc4 Kf7 53. Kb4 Kg8 54. Kc4 1/2-1/2

[Event "January 9 Early 2024"]
[Site "https://www.chess.com"]
[Date "2024.01.11"]
[Round "2"]
[White "Zhao, Jun"]
[Black "Gavrilov, Maxim"]
[Result "1-0"]
[Board "261"]
[TimeControl "180+1"]
[WhiteFideId "8602522"]
[BlackFideId "24271454"]
[WhiteElo "2772"]
[BlackElo "2442"]
[WhiteTeam "CHN"]
[BlackTeam "RUS"]
[WhiteClock "0:00:04"]
[BlackClock "0:00:30"]

1. e4 c5 2. Nf3 d6 3. d4 cxd4 4. Nxd4 Nf6 5. Nc3 a6 6. Bg5 e6 7. f4 Qb6 8. Qd2 Qxb2 9. Rb1 Qa3 10. f5 Nc6 11. Bxf6 gxf6 12. Nxc6 bxc6 13. fxe6 Bxe6 14. Bd3 Bg7 15. O-O f5 16. exf5 Bxc3 17. Qe2 Qc5+ 18. Kh1 Qe5 19. fxe6 Qxe6 20. Qf3 d5 21. Rb7 O-O 22. Bxh7+ Kxh7 23. Qxc3 Rab8 24. Qd3+ Qg6 25. Rbxf7+ Rxf7 26. Rxf7+ Kh8 27. Qc3+ Kg8 28. Rf1 Rf8 29. Rxf8+ Kxf8 30. Kg1 Ke7 31. h3 Kd6 32. Qd3 Qf6 33. a3 a5 34. g4 Qf4 35. Kg2 d4 36. Qg3 Ke5 37. g5 Qxg3+ 38. Kxg3 Kf5 39. h4 c5 40. a4 c4 41. Kf3 Kg6 42. Ke4 d3 43. cxd3 c3 44. Ke3 c2 45. Kd2 c1=Q+ 46. Kxc1 Kh5 47. d4 Kxh4 48. g6 Kh3 49. g7 Kh2 50. g8=Q Kh1 51. d5 Kh2 52. d6 Kh1 53. d7 Kh2 54. d8=Q Kh1 55. Qh4# 1-0

[Event "January 9 Early 2024"]
[Site "https://www.chess.com"]
[Date "2024.01.11"]
[Round "2"]
[White "Bharadia Yash"]
[Black "Vakhidov, Shahzod"]
[Result "0-1"]
[Board "262"]
[TimeControl "180+1"]
[WhiteFideId "45087822"]
[BlackFideId "14205270"]
[WhiteElo "2262"]
[BlackElo "2517"]
[WhiteTeam "IND"]
[BlackTeam "UZB"]
[WhiteClock "0:00:01"]
[BlackClock "0:00:04"]

1. d4 Nf6 2. Nf3 g6 3. b3 Bg7 4. Bb2 O-O 5. e3 d6 6. Be2 Nbd7 7. c4 e5 8. dxe5 Ng4 9. O-O Ngxe5 10. Nc3 b6 11. Qc2 Bb7 12. Nd4 Qg5 13. Ne4 Qh4 14. Ng3 a6 15. h3 c5 16. Nf3 Nxf3+ 17. gxf3 Bxb2 18. Qxb2 Qxh3 19. Rfd1 Ne5 20. e4 Rad8 21. Qd2 f5 22. Qg5 Kh8 23. f4 Nc6 24. Bf1 Qg4 25. Qxg4 fxg4 26. Be2 Rxf4 27. Rd2 Nd4 28. Rad1 Bxe4 29. Rxd4 cxd4 30. Rxd4 Re8 31. Bd3 Bxd3 32. Rxf4 Bb1 33. a3 h5 34. Rf6 h4 35. Nf1 Re1 36. Rxd6 Be4 37. Rd8+ Kg7 38. Re8 Kf7 39. Re5 Kf6 0-1

[Event "January 9 Early 2024"]
[Site "https://www.chess.com"]
[Date "2024.01.11"]
[Round "2"]
[White "Chernyavsky, Alexander"]
[Black "Bolivar Losada, Jeison"]
[Result "1-0"]
[Board "263"]
[TimeControl "180+1"]
[WhiteFideId "24131156"]
[BlackFideId "4404793"]
[WhiteElo "2489"]
[BlackElo "2220"]
[WhiteTeam "RUS"]
[BlackTeam "COL"]
[WhiteClock "0:00:02"]
[BlackClock "0:00:01"]

1. d4 Nf6 2. c4 g6 3. Nc3 d5 4. cxd5 Nxd5 5. e4 Nxc3 6. bxc3 Bg7 7. Be3 c5 8. Rc1 O-O 9. Nf3 Qa5 10. Qd2 Rd8 11. d5 b5 12. Bxc5 Na6 13. Bxe7 Re8 14. d6 Nc5 15. Bd3 Bb7 16. O-O Bxe4 17. Bxe4 Nxe4 18. Qd3 Nxc3 19. Rfe1 Nxa2 20. Rc5 Nb4 21. Qxb5 Qxb5 22. Rxb5 Nc6 23. Rc5 Nxe7 24. dxe7 Bf6 25. Rc7 a5 26. Nd2 a4 27. Ne4 Bxe7 28. Nc3 Bf8 29. Rxe8 Rxe8 30. Kf1 Ra8 31. Ke2 a3 32. Na2 Rb8 33. Rc2 Rb2 34. Kd3 Rxc2 35. Kxc2 f5 36. Kb3 Kf7 37. Nc3 Ke6 38. f4 h6 39. g3 Bd6 40. Ne2 Kd5 41. Nc3+ Kd4 42. Nb5+ Kd5 43. Nc3+ Kc5 44. Kxa3 Kd4+ 45. Kb2 1-0

[Event "January 9 Early 2024"]
[Site "https://www.chess.com"]
[Date "2024.01.11"]
[Round "2"]
[White "Boyer, Mahel"]
[Black "Paravyan, David"]
[Result "0-1"]
[Board "264"]
[TimeControl "180+1"]
[WhiteFideId "45102422"]
[BlackFideId "4194985"]
[WhiteElo "2653"]
[BlackElo "3016"]
[WhiteTeam "FRA"]
[BlackTeam "FID"]
[WhiteClock "0:00:01"]
[BlackClock "0:00:36"]

1. Nf3 d5 2. g3 g6 3. Bg2 Bg7 4. c4 dxc4 5. Qa4+ Nc6 6. O-O e5 7. Qxc4 Nge7 8. Nc3 O-O 9. d3 h6 10. Be3 Be6 11. Qh4 Nf5 12. Qxd8 Rfxd8 13. Bc5 Rab8 14. b4 b6 15. b5 bxc5 16. bxc6 e4 17. dxe4 Bxc3 18. exf5 Bxf5 19. Rac1 Bf6 20. Rxc5 Rb2 21. Ra5 Rxe2 22. Rxa7 Be4 23. Rxc7 Rxa2 24. Re1 Bd5 25. Ne5 Bxe5 26. Bxd5 Rxd5 27. Re7 Bd4 28. c7 Rc5 29. Rd1 Bxf2+ 30. Kf1 Kf8 31. Red7 Kg7 32. R1d2 Rxd2 33. Rxd2 Bxg3 34. hxg3 Rxc7 35. Kg2 Re7 36. Rd4 h5 37. Kf3 Ra7 38. Rd6 Ra3+ 39. Kf4 Ra4+ 40. Kf3 Ra5 41. Rc6 Rf5+ 42. Kg2 Rf6 43. Rc7 Kh6 44. Kh3 Kg5 45. Rc5+ Rf5 46. Rc3 f6 47. Rb3 Re5 48. Kg2 f5 49. Kf3 h4 50. gxh4+ Kxh4 51. Rb4+ Kg5 52. Ra4 Rc5 53. Ra3 Rc4 54. Kg3 Rg4+ 55. Kh3 Rh4+ 56. Kg3 f4+ 57. Kg2 Kg4 58. Ra4 g5 59. Ra5 Rh7 60. Kf2 Rc7 61. Ra2 Rc3 62. Ra1 Rc2+ 63. Kg1 Kg3 64. Ra5 Rc1# 0-1

[Event "January 9 Early 2024"]
[Site "https://www.chess.com"]
[Date "2024.01.11"]
[Round "2"]
[White "Golubovic, Erik"]
[Black "Banzea, Alexandru-Bogdan"]
[Result "0-1"]
[Board "265"]
[TimeControl "180+1"]
[WhiteFideId "14586908"]
[BlackFideId "1232622"]
[WhiteElo "2243"]
[BlackElo "2709"]
[WhiteTeam "CRO"]
[BlackTeam "ROU"]
[WhiteClock "0:00:02"]
[BlackClock "0:00:04"]

1. d4 Nf6 2. c4 g6 3. Nc3 Bg7 4. e4 d6 5. h3 O-O 6. Nf3 e5 7. d5 a5 8. Be3 Na6 9. g4 Nd7 10. a3 Nb6 11. Nd2 f5 12. gxf5 gxf5 13. h4 Kh8 14. h5 Bf6 15. Bh3 Bg5 16. Bxf5 Bxe3 17. fxe3 Qg5 18. Qe2 Nc5 19. O-O-O Bxf5 20. exf5 Qxf5 21. e4 Qf2 22. Rh2 Qd4 23. Kb1 a4 24. Nb5 Qd3+ 25. Qxd3 Nxd3 26. Nxc7 Rac8 27. Ne6 Rg8 28. Rf1 Nxc4 29. Nxc4 Rxc4 30. Re2 Rgc8 31. Re3 Nc5 32. Ref3 Nxe6 33. dxe6 R4c7 34. Rf7 Kg8 35. e7 Rc1+ 36. Ka2 Rxf1 37. Rxf1 Re8 38. Rg1+ Kf7 39. h6 Rxe7 40. Rg7+ Ke6 41. Rg8 Kd7 42. Rb8 Kc7 43. Rh8 Kc6 44. Rg8 Re6 45. Rc8+ Kd7 46. Rb8 Kc7 47. Rh8 Rxh6 48. Kb1 Rh2 49. Rg8 b5 50. Rg7+ Kc6 51. Rg8 Kc5 52. Rg3 Kd4 0-1

[Event "January 9 Early 2024"]
[Site "https://www.chess.com"]
[Date "2024.01.11"]
[Round "2"]
[White "Mesquita, Eduardo Barbosa"]
[Black "Winkels, Marcel"]
[Result "1-0"]
[Board "266"]
[TimeControl "180+1"]
[WhiteFideId "22757163"]
[BlackFideId "1003887"]
[WhiteElo "2436"]
[BlackElo "1992"]
[WhiteTeam "BRA"]
[BlackTeam "NED"]
[WhiteClock "0:00:07"]
[BlackClock "0:00:01"]

1. e4 c5 2. Nf3 e6 3. d4 cxd4 4. Nxd4 Nc6 5. Nc3 Qc7 6. Be3 a6 7. a3 Nf6 8. Be2 Be7 9. O-O d6 10. Nxc6 bxc6 11. Qd4 c5 12. Qd3 O-O 13. Rad1 Rb8 14. b3 Bb7 15. f3 d5 16. Bg5 d4 17. Nb1 e5 18. Nd2 h6 19. Bh4 Nd5 20. Bxe7 Nxe7 21. Nc4 Ng6 22. g3 Rfe8 23. Rf2 a5 24. Bf1 Ba6 25. Bg2 Qe7 26. a4 Rb4 27. Qd2 Bxc4 28. bxc4 Rxa4 29. Rb1 Rb4 30. Ra1 Qc7 31. f4 f6 32. Bh3 Reb8 33. Be6+ Kh8 34. Rff1 Rb2 35. Qxa5 Qxa5 36. Rxa5 Rxc2 37. Rxc5 Rbb2 38. Ra1 Rg2+ 39. Kf1 Rbf2+ 40. Ke1 Kh7 41. Bh3 Rxh2 42. Bf1 Ra2 43. Rxa2 Rxa2 44. f5 Ne7 45. Rc7 Ng8 46. c5 h5 47. Rc8 Nh6 48. Be2 Ng4 49. c6 Rc2 50. c7 Rc3 51. Kd2 Ne3 52. Bd3 1-0

[Event "January 9 Early 2024"]
[Site "https://www.chess.com"]
[Date "2024.01.11"]
[Round "2"]
[White "Lund, Gunnar"]
[Black "Svane, Frederik"]
[Result "1/2-1/2"]
[Board "267"]
[TimeControl "180+1"]
[WhiteFideId "1520814"]
[BlackFideId "12923044"]
[WhiteElo "2655"]
[BlackElo "2994"]
[WhiteTeam "NOR"]
[BlackTeam "GER"]
[WhiteClock "0:00:15"]
[BlackClock "0:00:06"]

1. d4 Nf6 2. c4 e6 3. Nf3 d5 4. Nc3 Nbd7 5. e3 a6 6. b3 dxc4 7. Bxc4 b5 8. Bd3 Bb7 9. O-O c5 10. Bb2 cxd4 11. Nxd4 Bc5 12. Nce2 O-O 13. Ng3 Qe7 14. Qe2 Rfd8 15. Rfd1 Rac8 16. Rac1 h6 17. Nf3 Ba3 18. Bb1 Bxf3 19. gxf3 Rxc1 20. Bxc1 Bxc1 21. Rxc1 Nb6 22. Qb2 b4 23. Qe2 Qa7 24. Rd1 Rxd1+ 25. Qxd1 Qc7 26. Bd3 a5 27. Be2 Nbd5 28. Qd4 Qc3 29. Qa7 Qa1+ 30. Kg2 Qxa2 31. Bc4 g6 32. h4 Kg7 33. h5 Qc2 34. hxg6 Qxg6 35. Qxa5 h5 36. Bxd5 Nxd5 37. Qa7 Kh7 38. Qd4 Qg5 39. Kh3 Kg8 40. Qh4 Qxh4+ 41. Kxh4 Nc3 42. Nxh5 Kf8 43. Nf6 Ke7 44. Ne4 Nb1 45. Kg5 f5 46. Nc5 Nd2 47. Nd3 Nxf3+ 48. Kf4 Nd2 49. Nxb4 Nxb3 50. Nd3 Nd2 51. f3 Kf6 52. e4 fxe4 53. fxe4 Nc4 54. e5+ Ke7 55. Nc5 Kf7 56. Nxe6 Kxe6 57. Ke4 Nb6 58. Kf4 Nd7 59. Ke4 Nxe5 1/2-1/2

[Event "January 9 Early 2024"]
[Site "https://www.chess.com"]
[Date "2024.01.11"]
[Round "2"]
[White "Olenik Campa, Rudi"]
[Black "Lysyj, Igor"]
[Result "1/2-1/2"]
[Board "268"]
[TimeControl "180+1"]
[WhiteFideId "14633264"]
[BlackFideId "4150120"]
[WhiteElo "2578"]
[BlackElo "2855"]
[WhiteTeam "SLO"]
[BlackTeam "FID"]
[WhiteClock "0:00:14"]
[BlackClock "0:00:04"]

1. e4 e5 2. Nf3 Nc6 3. Bb5 a6 4. Ba4 Nf6 5. O-O Nxe4 6. d4 b5 7. Bb3 d5 8. Nxe5 Nxe5 9. dxe5 c6 10. c3 Bf5 11. Nd2 Nxd2 12. Bxd2 Be7 13. a4 O-O 14. Qf3 Qd7 15. h3 Be4 16. Qg3 Qf5 17. Bh6 Qg6 18. Qxg6 hxg6 19. Be3 Rfb8 20. axb5 axb5 21. Rfd1 g5 22. f3 Bf5 23. Kf2 f6 24. f4 fxe5 25. fxe5 Kh7 26. Kg1 g6 27. Bd4 g4 28. hxg4 Bxg4 29. Rf1 Bf5 30. Rxa8 Rxa8 31. g4 Be6 32. Kg2 Kg7 33. Kg3 c5 34. Be3 c4 35. Bc2 Ra2 36. Bc1 Ra8 37. Be3 Ra2 38. Bc1 Ra6 39. Rh1 Ra2 40. Rh6 Bf7 41. Rh1 Ra6 42. Be3 Re6 43. Bd4 Kg8 44. Bf5 gxf5 45. gxf5 Rc6 46. e6 Bxe6 47. Rh8+ Kf7 48. fxe6+ Rxe6 49. Rh7+ Ke8 50. Rh8+ Kd7 51. Rb8 Kc7 52. Rxb5 Bd6+ 53. Kf3 Kc6 54. Rb6+ Kd7 55. Rb5 Kc6 56. Rb6+ Kd7 57. Rb5 Kc6 1/2-1/2

[Event "January 9 Early 2024"]
[Site "https://www.chess.com"]
[Date "2024.01.11"]
[Round "2"]
[White "Rogov, Matfey"]
[Black "Starozhilov, Leonid"]
[Result "1-0"]
[Board "269"]
[TimeControl "180+1"]
[WhiteFideId "44191308"]
[BlackFideId "14106752"]
[WhiteElo "2551"]
[BlackElo "2766"]
[WhiteTeam "RUS"]
[BlackTeam "UKR"]
[WhiteClock "0:00:06"]
[BlackClock "0:00:07"]

1. e4 c5 2. Nc3 a6 3. Nf3 b5 4. d4 cxd4 5. Nxd4 Bb7 6. Bd3 e6 7. O-O Nc6 8. Be3 Nge7 9. Re1 Nxd4 10. Bxd4 Nc6 11. Be3 Be7 12. Qg4 O-O 13. f4 g6 14. e5 Nb4 15. Rad1 Nxd3 16. Rxd3 Qc7 17. Bf2 b4 18. Ne2 Rad8 19. c3 d6 20. exd6 Rxd6 21. Bd4 bxc3 22. bxc3 Qc6 23. Rf1 Rfd8 24. h4 Qe4 25. Re3 Qf5 26. Qxf5 gxf5 27. Ng3 f6 28. Nh5 Kf7 29. Rg3 Rg8 30. Rxg8 Kxg8 31. Rb1 Bd5 32. Bxf6 Bf8 33. Rb8 Kf7 34. Be5 Rd7 35. a3 Bc6 36. Rb6 Bb7 37. Nf6 Rd1+ 38. Kh2 Bd5 39. Nxd5 Rxd5 40. Rxa6 Rd3 41. Ra7+ Kg6 42. h5+ Kxh5 43. Rf7 Kg6 44. Rxf8 Rd2 45. Rf6+ Kh5 46. Rxe6 Kg4 47. Re8 Ra2 48. Rg8+ Kh4 49. Bf6+ Kh5 50. Rg5+ Kh6 51. Bg7# 1-0

[Event "January 9 Early 2024"]
[Site "https://www.chess.com"]
[Date "2024.01.11"]
[Round "2"]
[White "Lopez Idarraga, Daniel Eduardo"]
[Black "Aradhya, Garg"]
[Result "1-0"]
[Board "270"]
[TimeControl "180+1"]
[WhiteFideId "4405501"]
[BlackFideId "25006746"]
[WhiteElo "2418"]
[BlackElo "2710"]
[WhiteTeam "COL"]
[BlackTeam "IND"]
[WhiteClock "0:00:32"]
[BlackClock "0:00:14"]

1. e4 e5 2. Nf3 Nc6 3. Nc3 Nf6 4. g3 Bc5 5. Bg2 d6 6. d3 a6 7. h3 O-O 8. O-O Re8 9. Kh2 h6 10. Be3 Be6 11. Qd2 Bxe3 12. Qxe3 d5 13. Qe2 dxe4 14. dxe4 Nd4 15. Nxd4 exd4 16. Nb1 c5 17. Nd2 Bd5 18. Qd3 Bc6 19. b3 Qa5 20. Nc4 Qc7 21. a4 Nxe4 22. Rae1 Nc3 23. a5 Bxg2 24. Kxg2 Qc6+ 25. Qf3 Qxf3+ 26. Kxf3 Re6 27. Rxe6 fxe6 28. Re1 Re8 29. Re5 Nd5 30. Ke2 Re7 31. f4 Kf7 32. Nd6+ Kf8 33. Ne4 Rc7 34. Rxe6 Nb4 35. Nd6 Re7 36. Rxe7 Kxe7 37. Nxb7 Nxc2 38. Kd3 Nb4+ 39. Kc4 Nc6 40. Nxc5 Nxa5+ 41. Kxd4 Kd6 42. b4 Nc6+ 43. Kc4 a5 44. Nb7+ Kc7 45. Nxa5 Ne7 46. Kc5 h5 47. b5 Nf5 48. g4 hxg4 49. hxg4 Ne3 50. b6+ Kc8 51. g5 Nf5 52. Kd5 Kd7 53. b7 Kc7 54. Ke6 Nd4+ 55. Kf7 Ne2 56. f5 Nd4 57. f6 gxf6 58. Kxf6 1-0

[Event "January 9 Early 2024"]
[Site "https://www.chess.com"]
[Date "2024.01.11"]
[Round "2"]
[White "Toktomushev, Teimur"]
[Black "Biriukov, Ilja"]
[Result "1-0"]
[Board "271"]
[TimeControl "180+1"]
[WhiteFideId "14176726"]
[BlackFideId "4113373"]
[WhiteElo "2489"]
[BlackElo "2231"]
[WhiteTeam "UKR"]
[BlackTeam "RUS"]
[WhiteClock "0:00:02"]
[BlackClock "0:00:04"]

1. d4 d5 2. c4 c6 3. Nc3 Nf6 4. e3 e6 5. Nf3 Be7 6. Bd3 O-O 7. O-O Nbd7 8. e4 dxe4 9. Nxe4 Nxe4 10. Bxe4 Nf6 11. Bc2 c5 12. Bg5 h6 13. Bh4 cxd4 14. Nxd4 e5 15. Nf5 Bxf5 16. Bxf5 Qxd1 17. Rfxd1 Rfd8 18. Kf1 g6 19. Bxf6 Bxf6 20. Be4 Rd4 21. Rxd4 exd4 22. b3 Rb8 23. b4 b6 24. Bd5 Be7 25. a3 Kg7 26. Ke2 f5 27. Kd3 Bf6 28. Re1 Rc8 29. Rc1 Rc7 30. c5 bxc5 31. bxc5 Kf8 32. a4 Ke7 33. Re1+ Kd7 34. Kc4 Be7 35. c6+ Kd8 36. Kxd4 Bf6+ 37. Kc4 Re7 38. Rb1 Kc8 39. Kc5 Rc7 40. Kd6 Be7+ 41. Ke6 Bc5 42. f4 Be3 43. Kf6 Bxf4 44. g3 Be3 45. Be6+ Kd8 46. Rb8+ 1-0

[Event "January 9 Early 2024"]
[Site "https://www.chess.com"]
[Date "2024.01.11"]
[Round "2"]
[White "Korchynskyi, Mykola"]
[Black "Sanal, Vahap"]
[Result "0-1"]
[Board "272"]
[TimeControl "180+1"]
[WhiteFideId "34138005"]
[BlackFideId "6300545"]
[WhiteElo "2613"]
[BlackElo "2934"]
[WhiteTeam "UKR"]
[BlackTeam "TUR"]
[WhiteClock "0:00:02"]
[BlackClock "0:00:07"]

1. d4 d6 2. c4 e5 3. Nc3 exd4 4. Qxd4 Nc6 5. Qd2 Nf6 6. e3 g6 7. b3 Bg7 8. Bb2 O-O 9. Nf3 Be6 10. Be2 d5 11. cxd5 Nxd5 12. Nxd5 Qxd5 13. Bxg7 Qxd2+ 14. Nxd2 Kxg7 15. Bc4 Kf6 16. Ne4+ Ke7 17. Bxe6 fxe6 18. Ke2 Rf5 19. Rad1 a5 20. Rd2 Re5 21. f3 Rd5 22. Rhd1 Nb4 23. a3 Rxd2+ 24. Rxd2 Nd5 25. Rd4 Ra6 26. Nd2 Rc6 27. Nc4 Rc5 28. e4 Nf4+ 29. Kf2 e5 30. Rd2 a4 31. Ke3 axb3 32. Nxe5 Nxg2+ 33. Rxg2 Rxe5 34. Rb2 Rb5 35. Kd4 Ke6 36. Kc4 c6 37. Rxb3 Rxb3 38. Kxb3 Ke5 39. Kc4 b6 40. Kd3 g5 41. h3 b5 42. Ke3 c5 43. Kd3 Kf4 44. Kc3 h5 45. Kb3 h4 46. a4 bxa4+ 47. Kxa4 Kxf3 48. e5 g4 49. e6 g3 50. e7 g2 51. e8=Q g1=Q 52. Qf8+ Kg3 53. Qg7+ Kh2 0-1